[Event "*** SCC Grand Prix: Titled Tuesday Blitz"]
[Site "Chess.com"]
[Date "2020.06.02"]
[Round "4"]
[White "GMHess"]
[Black "DraG0s3L"]
[Result "1-0"]
[WhiteElo "2728"]
[BlackElo "2509"]
[TimeControl "180+1"]
[EndTime "10:40:26 PDT"]
[Termination "GMHess won by resignation"]

1. e4 c5 2. Nc3 Nc6 3. Bb5 g6 4. h4 Bg7 5. h5 d6 6. d3 Bd7 7.
h6 Bf6 8. Nd5 a6 9. Bc4 e6 10.
Nxf6+ Qxf6 11. Nf3 Ne5 12. Nxe5 Qxe5 13. Bb3 Ne7 14. c3 f5 15. Qe2 fxe4 16. dxe4 Bc6 17. f3 O-O-O 18. Be3 Kc7 19. O-O-O Nc8 20. Qd2 Rhf8 21.
Rh4 Rd7 22. Bf4 Qf6 23. Bg5 Qe5 24. f4 Qxe4 25. Re1 Qxg2 26. Bxe6 Rdd8 27. Bxd8+ Kxd8 28. Qxg2 Bxg2 29. Re2 Bf3 30. Rd2 Ke7 31. Bxc8 Rxc8 32.
Rh3 Bc6 33. Re3+ Kd7 34. Red3 d5 35. Re3 Rf8 36. Rde2 Rf7 37. Re5 Kd6 38. Re6+ Kd7 39. R2e5 Rxf4 40. Re7+ Kd8 41. Rxh7 Rh4 42. Ree7 g5 43.
Reg7 g4 44. Rh8+ Be8 45. Rgg8 Kd7 46. Rxe8 g3 47. Reg8 Rh1+ 48. Kd2 Rh2+ 49. Ke3 g2 50. h7 Rh3+ 51. Kf2 Rh2 52. Rxg2 Rh6 53. Rg7+ Kd6 54. Rd8+ Kc6 55. h8=Q Rxh8 56. Rxh8 1-0

[Event "*** SCC Grand Prix: Titled Tuesday Blitz"]
[Site "Chess.com"]
[Date "2020.06.02"]
[Round "4"]
[White "Bayernbk"]
[Black "Charlottemillard17"]
[Result "1-0"]
[WhiteElo "2497"]
[BlackElo "1478"]
[TimeControl "180+1"]
[EndTime "10:40:26 PDT"]
[Termination "Bayernbk won by checkmate"]

1. e4 e5 2. Nc3 Nf6 3. Nf3 Nc6 4. d4 exd4 5. Nxd4 Bb4 6. Nxc6 bxc6 7. Bd3 O-O 8. O-O Bxc3 9. bxc3 d5 10. exd5 cxd5 11. Bg5 h6 12. Bh4 Qd6 13. Rb1 Bg4 14. Qd2 Bh5 15.
Bg3 Qc5 16. Rb5 Qc6 17. Rfb1 Rfe8 18. h3 Ne4 19. Bxe4 Rxe4 20. Qxd5 Qxd5 21. Rxd5 Bg6 22. Rd7 Re2 23. Rb7 Rxc2 24. a4 Rxc3 25. Rdxc7 Rxc7 26. Bxc7 Bc2 27. a5 Be4 28. Rb5 Bc6 29. Rc5 Bb7 30. f3 a6 31. Kf2 Kh7 32. Ke3 g6 33. Be5 Re8 34. Kd4 Rd8+ 35. Kc4 h5 36. Rc7 Bd5+ 37. Kc5 Be6 38. Kb6 Bc8 39. f4 Kg8 40. h4 Kf8 41. Ra7 Re8 42. Bd6+ Kg7 43. Be5+ Kf8 44. Ra8 Kg8 45. Kc7 Kf8 46. Rxc8 Rxc8+ 47. Kxc8 Ke7 48. Kb7 Ke6 49. Kxa6 Kf5 50. Kb7 Kg4 51. a6 Kg3 52. a7 Kxg2 53. a8=Q Kg3 54. Qd8 Kg4 55. Qg5+ Kf3 56. f5 Ke4 57. fxg6 fxg6 58.
Qxg6+ Kxe5 59. Qxh5+ Kf4 60. Qg5+ Ke4 61. h5 Kd4 62. h6 Kd3 63. h7 Kd4 64. h8=Q+ Kd3 65. Qh3+ Kd4 66. Qhh4+ Kd3 67. Qgg3+ Kd2 68. Qhh2+ Kd1 69.
Qgg1# 1-0

[Event "*** SCC Grand Prix: Titled Tuesday Blitz"]
[Site "Chess.com"]
[Date "2020.06.02"]
[Round "4"]
[White "DariaVoit"]
[Black "Khamrakulov_Djurabek"]
[Result "1-0"]
[WhiteElo "2556"]
[BlackElo "2799"]
[TimeControl "180+1"]
[EndTime "10:40:27 PDT"]
[Termination "DariaVoit won by resignation"]

1. d4 f5 2. e4 d6 3. Nc3 g6 4. h4 fxe4 5. h5 Bg7 6. hxg6 hxg6 7. Rxh8 Bxh8 8. Nxe4 Nf6 9. Bd3 Kf7 10. Bh6 Nxe4 11.
Bxe4 c6 12. Nf3 Bf6 13. Ng5+ Bxg5 14. Bxg5 Bf5 15. Bxf5 Qa5+ 16. c3 Qxf5 17. Qb3+ Qe6+ 18. Qxe6+ Kxe6 19. Kd2 Kf7 20. Rh1 Kg7 21. Bxe7 d5 22. f4 Nd7 23. Bd6 Rg8 24. Ke3 Kf7 25. Be5 Nf8 26.
g4 b6 27. Rh2 Ke7 28. Rh6 Kf7 29. a4 Ke7 30. b4 Kf7 31. Rh1 Ke7 32. a5 Ke6 33. a6 Kf7 34. Rh6 Ke7 35. Kf3 Kf7 36. f5 Ke7 37. Kf4 Kf7 38. Kg5 gxf5+ 39. Kxf5 Nd7 40. Rxc6 Ke7 41. Rc7 Rf8+ 42. Kg5 Ra8 43. Kf4 Ke6 44. Rc6+ Ke7 45. b5 Rf8+ 46. Kg3 Rf1 47.
Rc7 Rb1 48. Rxa7 Rxb5 49. Rb7 Ra5 50. a7 Ke6 51. g5 Ra3 52. Kg4 Ra1 53. g6 Rg1+ 54.
Kh5 Kf5 55. Kh6 Rxg6+ 56. Kh7 Nf8+ 57. Kh8 Rh6+ 58. Kg8 1-0

[Event "*** SCC Grand Prix: Titled Tuesday Blitz"]
[Site "Chess.com"]
[Date "2020.06.02"]
[Round "4"]
[White "AungTZ"]
[Black "MartinMatthiesen"]
[Result "0-1"]
[WhiteElo "1928"]
[BlackElo "2361"]
[TimeControl "180+1"]
[EndTime "10:40:27 PDT"]
[Termination "MartinMatthiesen won by resignation"]

1. e4 c5 2. Nf3 d6 3. Bb5+ Bd7 4. Bxd7+ Nxd7 5. O-O Ngf6 6. Re1 e6 7. c3 Be7 8. d4 O-O 9. Bg5 cxd4 10. Nxd4 Nc5 11. Qc2 Qb6 12. Nd2 Qa6 13. a3 Rfe8 14. h3 Rac8 15. Rad1 h6 16. Bxf6 Bxf6 17. N2f3 Red8 18. Qd2 Na4 19. Qc2 Nb6 20. Qb1 Nc4 21. Nd2 Ne5 22.
N2b3 b5 23. f4 Nc4 24. Kh1 Qb6 25. Nf3 a5 26. Nbd2 Ne3 27. Rc1 d5 28. Qd3 Nc4 29. e5 Be7 30. Qb1 b4 31. axb4 Nxd2 32. Nd4 axb4 33. Qc2 Nc4 34. f5 bxc3 35. fxe6 fxe6 36. bxc3 Bg5 37. Rb1 Na3 38. Qd3 Nxb1 39. Qd2 Nxd2 40. Rb1 Qc7 41. Rd1 Qxc3 42. Nxe6 Qc2 43.
Rg1 Rd7 44. Nd8 Rcxd8 45. e6 Re7 46. h4 Rxe6 47. Kh2 Bf4+ 0-1

[Event "*** SCC Grand Prix: Titled Tuesday Blitz"]
[Site "Chess.com"]
[Date "2020.06.02"]
[Round "4"]
[White "BlackBoarder"]
[Black "PotapovaM"]
[Result "1-0"]
[WhiteElo "2637"]
[BlackElo "2452"]
[TimeControl "180+1"]
[EndTime "10:40:28 PDT"]
[Termination "BlackBoarder won by resignation"]

1. e4 c5 2. Nf3 d6 3. c3 Nf6 4.
h3 g6 5. Bd3 Bg7 6. O-O O-O 7.
Bc2 Nc6 8. d4 a6 9. Re1 b5 10.
Be3 cxd4 11. cxd4 Bb7 12. Nc3 Na5 13. b3 b4 14. Na4 Bxe4 15. Bd2 Bxc2 16. Qxc2 Rb8 17.
Qd3 Nc6 18. Qxa6 Qd7 19. Rac1 Nd8 20. Qc4 Qb7 21. Nb2 Ne6 22. Nd3 Nd5 23. Qc2 Rfc8 24. Qb2 Nc3 25. Bxc3 bxc3 26. Rxc3 Nxd4 27. Nxd4 Rxc3 28.
Qxc3 Qd5 29. Qc7 Rf8 30. Qxe7 Qxd4 31. Qe4 Qc3 32. Qc4 Qxc4 33. bxc4 Rc8 34. Rc1 h5 35. Kf1 Bd4 36. Ke2 Kf8 37. Nf4 Ke7 38. Nd5+ Kd7 39.
Kd3 Bc5 40. Rb1 Ke6 41. Rb7 f6 42. g4 hxg4 43. hxg4 Re8 44. Nc7+ Kd7 45. Nxe8+ Kxe8 46. f4 g5 47. fxg5 fxg5 48. a4 Kd8 49. a5 Kc8 50.
a6 Bf2 51. Ke4 Bc5 52. Kd5 Bf2 53. Kc6 Kd8 54. a7 1-0

[Event "*** SCC Grand Prix: Titled Tuesday Blitz"]
[Site "Chess.com"]
[Date "2020.06.02"]
[Round "4"]
[White "jocmil"]
[Black "tan275"]
[Result "0-1"]
[WhiteElo "2465"]
[BlackElo "2200"]
[TimeControl "180+1"]
[EndTime "10:40:28 PDT"]
[Termination "tan275 won on time"]

1. Nf3 d5 2. d4 Nf6 3. Bf4 c5 4. e3 Nc6 5. c3 Qb6 6. Qc1 cxd4 7. exd4 Bf5 8. Nbd2 e6 9. Be2 h6 10. h3 Be7 11. O-O O-O 12. Nb3 Rfc8 13. Qd1 a5 14. a4 Qd8 15. Bb5 Ne4 16. Ne5 Nxe5 17. Bxe5 Nd6 18. Bxd6 Bxd6 19. Bd3 Bxd3 20. Qxd3 Qf6 21.
Nd2 Rc6 22. Rfe1 Rb6 23. Qc2 Rc8 24. Nf3 Qf4 25. Re2 Rc4 26. Rae1 Qf6 27. Ne5 Bxe5 28. Rxe5 Qd8 29. f4 Qd7 30. f5 Qxa4 31. Qf2 Qd7 32. f6 g6 33. h4 h5 34. Qf4 Qe8 35. g4 hxg4 36. h5 Qf8 37. hxg6 fxg6 38. Rxe6 Rxe6 39. Rxe6 Rc6 40. Rxc6 bxc6 41. Qe5 Qf7 42. Kg2 Kh7 43.
Kg3 Kh6 44. Kxg4 Qd7+ 45. Kh4 Qf7 46. Qg5+ Kh7 47. Qe5 Kg8 48. Kg5 Kh7 49. Qe7 Kg8 0-1

[Event "*** SCC Grand Prix: Titled Tuesday Blitz"]
[Site "Chess.com"]
[Date "2020.06.02"]
[Round "4"]
[White "hectorfiori"]
[Black "IngOscarArdila"]
[Result "0-1"]
[WhiteElo "2369"]
[BlackElo "2106"]
[TimeControl "180+1"]
[EndTime "10:40:28 PDT"]
[Termination "IngOscarArdila won on time"]

1. e4 e5 2. Nf3 Nf6 3. Nxe5 d6 4. Nf3 Nxe4 5. Nc3 Nf6 6. d4 Be7 7. Bd3 O-O 8. h3 Nbd7 9. O-O Re8 10. Bg5 Nf8 11. Qd2 Ng6 12. Rfe1 Bd7 13. Re2 Nh5 14.
Bxe7 Rxe7 15. Rae1 Rxe2 16. Nxe2 Qf6 17. c3 Bxh3 18.
Nh2 Bd7 19. g3 Re8 20. b4 Bc6 21. b5 Bd7 22. a4 Qe7 23. Nf3 Nf6 24. Nf4 Qf8 25.
Bxg6 hxg6 26. Ng5 Rxe1+ 27. Qxe1 Qe8 28. Qxe8+ Bxe8 29. f3 c6 30. c4 Bd7 31. Kf2 Kf8 32. Ke3 Ke7 33. g4 Ne8 34. Ne4 Nc7 35. Nd3 Ne6 36.
Nb4 f5 37. Nd2 Kf6 38. gxf5 gxf5 39. f4 g5 40. fxg5+ Kxg5 41. Nf3+ Kg4 42. Ne1 f4+ 43. Ke4 Ng5+ 44. Kd3 Bf5+ 45. Kd2 c5 46. dxc5 dxc5 47. Nbd3 Bxd3 48. Kxd3 Kg3 49. Ke2 f3+ 50. Kf1 f2 51. Nd3 Ne4 52. a5 Kf3 0-1

[Event "*** SCC Grand Prix: Titled Tuesday Blitz"]
[Site "Chess.com"]
[Date "2020.06.02"]
[Round "4"]
[White "jlandaw"]
[Black "gmcorrales"]
[Result "0-1"]
[WhiteElo "2521"]
[BlackElo "2762"]
[TimeControl "180+1"]
[EndTime "10:40:29 PDT"]
[Termination "gmcorrales won by resignation"]

1. e4 c5 2. Nc3 Nc6 3. g3 g6 4.
Bg2 Bg7 5. d3 Rb8 6. f4 d6 7.
Nf3 b5 8. a3 a5 9. O-O e6 10.
Be3 Nd4 11. e5 dxe5 12. Nxe5 Ne7 13. Ne4 Bb7 14. c3 f6 15. Nf3 Nxf3+ 16. Bxf3 c4 17. d4 Bd5 18. Nc5 O-O 19. Bxd5 Qxd5 20. Qf3 Rfe8 21.
Rae1 Qxf3 22. Rxf3 Nd5 23. Bc1 Kf7 24. Rf2 Bf8 25.
Nd7 Rb7 26. Nxf8 Kxf8 27. Rfe2 Kf7 28. g4 b4 29. f5 Rb6 30. axb4 axb4 31. Bd2 b3 32.
Kf2 Re7 33. fxe6+ Rbxe6 34. Kf3 Rxe2 35. Rxe2 Rxe2 36. Kxe2 Ke6 37. Kf3 f5 38. h3 fxg4+ 39. Kxg4 Nf6+ 40. Kf4 h6 41. Be1 g5+ 42. Kf3 Kf5 43.
Bg3 Nd5 44. Be1 h5 45. Bd2 g4+ 46. hxg4+ hxg4+ 47. Kg3 Nf6 48. Be1 Ne4+ 49. Kh4 Ng5 50. Kg3 Nf3 51. Bf2 Nd2 52. Be3 Ne4+ 53. Kg2 Ke6 54. Bc1 Kd5 55. Kf1 Kd6 56. Ke2 Ke6 57. Ke3 Kf5 58. d5 g3 59. Kf3 Ke5 60. Bf4+ Kxd5 61.
Be3 Nxc3 62. Kxg3 Ke4 63. Bc1 Ne2+ 0-1

[Event "*** SCC Grand Prix: Titled Tuesday Blitz"]
[Site "Chess.com"]
[Date "2020.06.02"]
[Round "4"]
[White "Terao90"]
[Black "Gyapiking"]
[Result "1-0"]
[WhiteElo "2295"]
[BlackElo "2507"]
[TimeControl "180+1"]
[EndTime "10:40:30 PDT"]
[Termination "Terao90 won by resignation"]

1. e4 Nc6 2. d4 d5 3. e5 Bf5 4. c3 e6 5. Bd3 Nge7 6. Nf3 Qd7 7. b4 f6 8. exf6 gxf6 9. O-O O-O-O 10. a4 Rg8 11. Re1 Bxd3 12. Qxd3 Nf5 13. a5 Bd6 14. b5 Nce7 15. b6 a6 16. bxc7 Bxc7 17. Nbd2 Rg6 18. g3 Rdg8 19. Nf1 h5 20. Qe2 Nd6 21.
Qxe6 Ne4 22. Qxd7+ Kxd7 23. c4 f5 24. cxd5 Nxd5 25.
Ne3 Nxe3 26. Bxe3 f4 27. Bxf4 Bxf4 28. Rxe4 Bc7 29. Ne5+ Bxe5 30. dxe5 Rc6 31. Rb1 Kc7 32. e6 Re8 33. e7 Rc5 34. Reb4 Rxe7 35. Rxb7+ Kd8 36. Rb8+ Kd7 37. R1b7+ Ke6 38. Rb6+ Kf5 39. Rxa6 h4 40. Kg2 Rh7 41. Rf8+ Ke4 42. Re6+ Kd4 43. Re3 h3+ 44. Kf3 Rxa5 45. Rf4+ Kc5 46. Rf5+ Kb4 47.
Rxa5 Kxa5 48. Rb3 Ka4 49. Rb8 Rf7+ 50. Kg4 Rxf2 51. Kxh3 Rf7 52. g4 Rh7+ 53. Kg3 Rc7 54. h4 Rc3+ 55. Kf4 Rc4+ 56. Kg5 Rc5+ 57. Kh6 Rc6+ 58.
Kh5 Rc5+ 59. g5 Rc8 60. Rxc8 1-0

[Event "*** SCC Grand Prix: Titled Tuesday Blitz"]
[Site "Chess.com"]
[Date "2020.06.02"]
[Round "4"]
[White "konradrutkowski"]
[Black "talman67"]
[Result "1-0"]
[WhiteElo "2350"]
[BlackElo "2548"]
[TimeControl "180+1"]
[EndTime "10:40:30 PDT"]
[Termination "konradrutkowski won by resignation"]

1. e4 e5 2. Nf3 Nc6 3. Bb5 a6 4. Ba4 Nf6 5. O-O Nxe4 6. d4 b5 7. Bb3 d5 8. dxe5 Be6 9. Qe2 Nc5 10. Rd1 Nxb3 11. axb3 Be7 12. c4 b4 13. cxd5 Bxd5 14. Rxa6 Rxa6 15. Qxa6 O-O 16. Qb5 Bc4 17. Rxd8 Bxb5 18.
Rxf8+ Kxf8 19. Be3 Be2 20. Nbd2 Bd1 21. Kf1 Na5 22. Nd4 c5 23. Nf5 Nxb3 24. Nxb3 Bxb3 25. Nxe7 Kxe7 26. Bxc5+ Ke6 27. Bxb4 Kxe5 28. Bc3+ Ke4 29. Bxg7 Kd3 30. f3 Ke3 31. Bh6+ Kd3 32. Kf2 Kd4 33. Bg7+ Kd3 34. Kg3 Ke2 35. Bd4 Kf1 36. h4 h5 37.
Kh3 Be6+ 38. g4 Ke2 39. Kg3 Bd5 40. gxh5 Bxf3 41. h6 Be4 42. Kf4 Kd3 43. Bc3 Bh7 44.
Kg5 Ke4 45. Kf6 Kf4 46. Kg7 Be4 47. h7 Bxh7 48. Kxh7 Kg4 49. Bf6 Kf5 50. Kg7 Ke6 51.
h5 1-0

[Event "*** SCC Grand Prix: Titled Tuesday Blitz"]
[Site "Chess.com"]
[Date "2020.06.02"]
[Round "4"]
[White "abhidabhi"]
[Black "Shtembuliak"]
[Result "0-1"]
[WhiteElo "2716"]
[BlackElo "2888"]
[TimeControl "180+1"]
[EndTime "10:40:32 PDT"]
[Termination "Shtembuliak won by resignation"]

1. e4 g6 2. d4 Bg7 3. Nc3 d6 4. Nf3 Nf6 5. Be2 O-O 6. O-O a6 7. a4 Nc6 8. h3 e6 9. Be3 b6 10. Re1 Bb7 11. Qd2 Ne7 12. Bd3 c5 13. Bh6 cxd4 14. Nxd4 Qc7 15. Bxg7 Kxg7 16. Kh1 Rfd8 17. Nb3 Nc6 18. Qe2 Ne5 19. Rad1 d5 20. exd5 Nxd3 21. Rxd3 Nxd5 22. Nxd5 Rxd5 23. Rxd5 Bxd5 24. Nd4 Qf4 25. c3 h5 26. b3 Rc8 27. Qe3 Qxe3 28. Rxe3 Kf6 29.
c4 Bb7 30. Nf3 Rd8 31. Ne5 Rd2 32. Kg1 g5 33. Rd3 Rxd3 34. Nxd3 Be4 35. Nb4 a5 36. Na6 Bb7 37. Nc7 Ke5 38. Nb5 Bc6 39. Kf1 h4 40. f3 Bxb5 41. axb5 Kd4 42. Ke2 e5 43.
Kd2 a4 44. bxa4 Kxc4 45. a5 Kxb5 46. axb6 Kxb6 47. Kd3 f5 48. Kc4 Kc6 49. Kc3 Kc5 50. Kd3 Kb4 51. Ke3 Kc3 52. Ke2 Kd4 53. Kd2 e4 54. fxe4 fxe4 0-1

[Event "*** SCC Grand Prix: Titled Tuesday Blitz"]
[Site "Chess.com"]
[Date "2020.06.02"]
[Round "4"]
[White "WIDBIFS"]
[Black "TengisChess"]
[Result "1-0"]
[WhiteElo "2719"]
[BlackElo "2507"]
[TimeControl "180+1"]
[EndTime "10:40:32 PDT"]
[Termination "WIDBIFS won by checkmate"]

1. d4 Nf6 2. Nf3 g6 3. g3 Bg7 4.
Bg2 O-O 5. O-O c5 6. c4 d6 7.
Nc3 Bg4 8. dxc5 dxc5 9. Qxd8 Rxd8 10. Ne5 Bc8 11. Be3 Nfd7 12. Nd3 Nb6 13. Nxc5 Nc6 14. Rad1 Rf8 15. Bxc6 bxc6 16. Bd4 Bh3 17. Rfe1 e5 18. Be3 Nxc4 19. Bc1 Rfd8 20. b3 Nb6 21. f3 Nd5 22. N3a4 Nb4 23. Rd2 a5 24.
Red1 Rxd2 25. Rxd2 Bh6 26. Rd1 Bxc1 27. Rxc1 Nxa2 28.
Rd1 Rb8 29. Kf2 h5 30. g4 hxg4 31. Kg3 f5 32. Rd6 Kf7 33. Rxc6 Nc1 34. Rc7+ Kg8 35.
Nd7 Nxe2+ 36. Kf2 Nf4 37. Nxb8 gxf3 38. Kxf3 Nd5 39. Rd7 e4+ 40. Kg3 Nf6 41. Kxh3 Nxd7 42.
Nxd7 Kf7 43. Ndc5 Ke7 44. Kg3 Kd6 45. Nb7+ Ke5 46. Nxa5 f4+ 47. Kf2 g5 48. Nc4+ Kd4 49.
Nab2 g4 50. Nd1 Kd3 51. Nce3 g3+ 52. hxg3 fxg3+ 53. Kxg3 Kd4 54. Kf4 Kd3 55. Ke5 Kd2 56.
b4 Kd3 57. b5 Kd2 58. b6 Kd3 59. b7 Kd2 60. b8=Q Kc1 61. Qb2# 1-0

[Event "*** SCC Grand Prix: Titled Tuesday Blitz"]
[Site "Chess.com"]
[Date "2020.06.02"]
[Round "4"]
[White "kleopl"]
[Black "Ali_rastbod"]
[Result "0-1"]
[WhiteElo "2462"]
[BlackElo "2653"]
[TimeControl "180+1"]
[EndTime "10:40:32 PDT"]
[Termination "Ali_rastbod won by checkmate"]

1. c4 e5 2. Nc3 Nc6 3. Nf3 g6 4. d4 exd4 5. Nxd4 Bg7 6. Nxc6 bxc6 7. e4 Ne7 8. Be2 O-O 9. O-O f5 10. Qc2 c5 11. Bd3 f4 12. Be2 Nc6 13. Bf3 d6 14.
Ne2 Be5 15. Rb1 Qh4 16. g3 Qe7 17. Bxf4 Bxf4 18. gxf4 g5 19. f5 Ne5 20. Bg2 g4 21. f4 gxf3 22. Bxf3 Bb7 23. Bg2 Qg5 24. b3 Kh8 25. Qc1 Qg7 26. Ng3 Rg8 27. Qf4 Qf6 28. Kh1 Rg4 29. Qf2 Rag8 30. Rbd1 R8g5 31. Bf3 Rh4 32. Rfe1 Qh6 33. Bg2 Ng4 34. Qd2 Rxh2+ 35. Kg1 Ne5 36. Qf4 Rh4 37. Qf2 Rhg4 38. Re3 Qg7 39.
Kh2 Rh4+ 40. Kg1 Ng4 41. Qf4 Nxe3 42. Qxh4 Nxd1 43. Kh2 Ne3 44. Nh5 Ng4+ 45. Kh1 Qa1+ 46.
Bf1 Qxf1# 0-1

[Event "*** SCC Grand Prix: Titled Tuesday Blitz"]
[Site "Chess.com"]
[Date "2020.06.02"]
[Round "4"]
[White "BIG_Pirate"]
[Black "rase"]
[Result "0-1"]
[WhiteElo "2359"]
[BlackElo "2590"]
[TimeControl "180+1"]
[EndTime "10:40:32 PDT"]
[Termination "rase won on time"]

1. Nf3 c5 2. c4 Nc6 3. Nc3 g6 4. g3 Bg7 5. Bg2 e5 6. O-O Nge7 7. a3 a5 8. Ne1 O-O 9. Nc2 d6 10. Rb1 Be6 11. Ne3 Qd7 12. Re1 f5 13. d3 f4 14.
Ned5 Rad8 15. b4 axb4 16. axb4 cxb4 17. Nxb4 Bh3 18. Bh1 Nd4 19. Nbd5 Kh8 20. Nxe7 Qxe7 21. Rxb7 Rd7 22. Rxd7 Qxd7 23. Ne4 h6 24. Bb2 Qa7 25. Bxd4 Qxd4 26. Qa1 Qb6 27. Rb1 Qc7 28. Qa6 d5 29.
cxd5 Qc2 30. Re1 Rb8 31. Bg2 Bf5 32. d6 Rb1 33. Qa5 Rc1 34. d7 Bxd7 35. Kf1 Bf5 36. Rxc1 Qxc1+ 37. Qe1 Qc7 38. Kg1 fxg3 39. hxg3 Kh7 40.
Qb1 Bxe4 41. Bxe4 h5 42. Kg2 Qf7 43. Qb6 Qf6 0-1

[Event "*** SCC Grand Prix: Titled Tuesday Blitz"]
[Site "Chess.com"]
[Date "2020.06.02"]
[Round "4"]
[White "comsac"]
[Black "dpopadic"]
[Result "0-1"]
[WhiteElo "2147"]
[BlackElo "2326"]
[TimeControl "180+1"]
[EndTime "10:40:32 PDT"]
[Termination "dpopadic won by resignation"]

1. e4 c5 2. c3 d6 3. d4 Nd7 4. Nf3 g6 5. Be2 Bg7 6. O-O Ngf6 7. Nbd2 O-O 8. Re1 b6 9. Bc4 e6 10. e5 Ne8 11. exd6 Nxd6 12. dxc5 Nxc5 13. Bf1 Bb7 14.
Nb3 Nxb3 15. axb3 Nf5 16. Qe2 Qc7 17. Be3 Nxe3 18. Qxe3 Rfd8 19. Red1 Rxd1 20. Rxd1 Rd8 21. Rxd8+ Qxd8 22. Qd2 Qxd2 23. Nxd2 Kf8 24. f4 Ke8 25. Kf2 Bf8 26. b4 Bd6 27. g3 Bc7 28. Nf3 f6 29. Nd4 Ke7 30. Bc4 e5 31. fxe5 fxe5 32. Nf3 Kf6 33. Bg8 h6 34. Ke3 g5 35. Nd2 Ke7 36. Ne4 Bc6 37. Bc4 Be8 38. h4 gxh4 39. gxh4 Bg6 40. Ng3 Bd8 41. h5 Be8 42. Be2 Kf6 43. Ne4+ Ke7 44. Ng3 Ke6 45. Bg4+ Kf6 46. Ne4+ Ke7 47. c4 Bc7 48. c5 Bf7 49. Nc3 a5 50. bxa5 bxa5 51. Nb5 Bd8 52. Ke4 Kf6 53. Nd6 Ba2 54. Be2 Ke6 55. Nb7 Bd5+ 56. Ke3 Bxb7 57. Bc4+ Kf6 58. Be2 Be7 59. b3 Bxc5+ 60. Kd3 Ba6+ 0-1

[Event "*** SCC Grand Prix: Titled Tuesday Blitz"]
[Site "Chess.com"]
[Date "2020.06.02"]
[Round "4"]
[White "seorobert1971"]
[Black "ural58"]
[Result "1-0"]
[WhiteElo "2645"]
[BlackElo "2452"]
[TimeControl "180+1"]
[EndTime "10:40:33 PDT"]
[Termination "seorobert1971 won by resignation"]

1. d4 d5 2. c4 e5 3. dxe5 d4 4. Nf3 Nc6 5. g3 Nge7 6. Bg5 h6 7. Bc1 Ng6 8. Bg2 Ngxe5 9. Nxe5 Nxe5 10. O-O Be7 11.
b3 O-O 12. Bb2 c5 13. Nd2 Qc7 14. Qc2 Nc6 15. a3 Bg4 16. Rfe1 Rfe8 17. Nf3 Rad8 18. Rad1 Bh5 19. Bc1 Bg6 20. Qa2 Bf6 21. e3 Qb6 22. exd4 Nxd4 23. Nxd4 Bxd4 24. Bd5 Kh7 25. Kg2 a5 26. a4 Bc3 27. Rxe8 Rxe8 28. Be3 Bb4 29. h4 Re7 30. Qe2 h5 31. Bf3 Re5 32. Rd5 Rxd5 33.
cxd5 Qd6 34. Bf4 Qd7 35. d6 c4 36. Qxc4 Bf5 37. Bxh5 Bxd6 38. Bxd6 Qxd6 39. Bxf7 Qe5 40. Bd5 Qe7 41. Bf3 g6 42. Qb5 Bc8 43. Qxa5 Qd7 44. Qb5 Qh3+ 45. Kg1 Qf5 46. Qxf5 gxf5 47. Bd5 Kh6 48.
f4 Kh5 49. Kf2 Kg4 50. Bf3+ Kh3 51. h5 Be6 52. h6 Bg8 53. Bxb7 Kg4 54. Bf3+ Kh3 55.
a5 1-0

[Event "*** SCC Grand Prix: Titled Tuesday Blitz"]
[Site "Chess.com"]
[Date "2020.06.02"]
[Round "4"]
[White "tylityli"]
[Black "SoltaniciR"]
[Result "0-1"]
[WhiteElo "2280"]
[BlackElo "2453"]
[TimeControl "180+1"]
[EndTime "10:40:33 PDT"]
[Termination "SoltaniciR won by resignation"]

1. d4 Nf6 2. c4 Nc6 3. Nf3 e6 4. a3 d6 5. Nc3 g6 6. e4 Bg7 7. Be2 O-O 8. O-O Re8 9. b4 e5 10.
d5 Nd4 11. Be3 Nxe2+ 12. Qxe2 Nh5 13. Rac1 f5 14. Rfd1 Nf6 15. Bg5 h6 16. Bxf6 Qxf6 17. c5 a6 18. a4 Bf8 19. a5 h5 20. c6 Rb8 21. b5 bxc6 22. dxc6 Bh6 23. Nd5 Qf7 24. Rb1 axb5 25. Nb4 fxe4 26. Qxe4 Bf5 27. Qd5 Bxb1 28. Rxb1 e4 29. Nd4 Bd2 30. Qxf7+ Kxf7 31. Na6 Rbc8 32. Nxb5 Bxa5 33. Ra1 Bb6 34. Rd1 e3 35. fxe3 Rxe3 36. Kf1 Rb3 37. Nd4 Bxd4 38. Rxd4 Rb6 39.
Nb4 Rcb8 40. Nd5 Rxc6 41. Rf4+ Kg7 42. Ne7 Rc5 43. Kf2 Rb2+ 44. Kf3 Rb3+ 45. Kf2 Rc2+ 46. Kg1 Rb1+ 47. Rf1 Rxf1+ 48. Kxf1 c5 49. Nd5 c4 50.
Ne3 Rc3 51. Ke2 Rxe3+ 52. Kxe3 d5 53. Kd4 Kf6 54. g3 Kf5 0-1

[Event "*** SCC Grand Prix: Titled Tuesday Blitz"]
[Site "Chess.com"]
[Date "2020.06.02"]
[Round "4"]
[White "PattyCastillo"]
[Black "DonBroca"]
[Result "1-0"]
[WhiteElo "1920"]
[BlackElo "2182"]
[TimeControl "180+1"]
[EndTime "10:40:34 PDT"]
[Termination "PattyCastillo won by checkmate"]

1. d4 Nf6 2. Nf3 d6 3. Nc3 g6 4. e4 Bg7 5. Be3 O-O 6. Qd2 Nc6 7. O-O-O Bg4 8. Be2 e5 9. dxe5 Nxe5 10. Nxe5 dxe5 11. Qxd8 Rfxd8 12. Bxg4 Nxg4 13. Bg5 Rxd1+ 14. Nxd1 Bf6 15. Bxf6 Nxf6 16. f3 Rd8 17. Nc3 c6 18. Rd1 Rxd1+ 19.
Kxd1 Kf8 20. Ke2 Ke7 21. Kd3 Kd6 22. a4 Nd7 23. b4 Nb6 24. a5 Nd7 25. Na4 c5 26. c3 b5 27. axb6 axb6 28. Kc4 Kc6 29. b5+ Kd6 30. Kd3 Kc7 31. Kc4 Kd6 32. Kd3 f5 33. g3 Ke6 34. Kc4 h5 35. Kd3 Kd6 36. Nb2 Nf6 37. Nc4+ Kc7 38. Nxe5 fxe4+ 39. fxe4 g5 40.
Ke3 h4 41. gxh4 gxh4 42. h3 Nh5 43. Ng6 Ng3 44. Nxh4 Nf1+ 45. Kf4 Nd2 46. Nf5 Nb1 47.
h4 Nxc3 48. h5 Ne2+ 49. Kg5 c4 50. h6 c3 51. h7 c2 52. h8=Q c1=Q+ 53. Kg6 Nf4+ 54.
Kf6 Qc3+ 55. e5 Nd5+ 56. Ke6 Nf4+ 57. Kf7 Qxe5 58. Qxe5+ Kb7 59. Qxf4 Ka7 60. Qd4 Ka8 61. Qd5+ Ka7 62. Qd7+ Kb8 63. Qd6+ Ka8 64. Ne7 Kb7 65. Qc6+ Ka7 66. Qc7+ Ka8 67. Qc8+ Ka7 68. Nc6# 1-0

[Event "*** SCC Grand Prix: Titled Tuesday Blitz"]
[Site "Chess.com"]
[Date "2020.06.02"]
[Round "4"]
[White "Onischuk_V"]
[Black "VladimirBelous"]
[Result "1/2-1/2"]
[WhiteElo "2923"]
[BlackElo "2737"]
[TimeControl "180+1"]
[EndTime "10:40:35 PDT"]
[Termination "Game drawn - insufficient material"]

1. e4 c5 2. Ne2 Nc6 3. g3 g6 4.
Bg2 Bg7 5. O-O Nf6 6. c3 d5 7.
exd5 Nxd5 8. d4 cxd4 9. cxd4 Bg4 10. Nbc3 Bxe2 11. Nxe2 O-O 12. Nc3 Nb6 13. d5 Ne5 14. Qb3 Rc8 15. a4 Nd3 16. a5 Nc4 17. Qxb7 Nxa5 18.
Qb5 Nxc1 19. Rfxc1 Nc4 20. Rxa7 Qd6 21. Ne4 Qb6 22.
Qxb6 Nxb6 23. Nc3 Rfd8 24. Rb7 Nxd5 25. Bxd5 Rxd5 26. Nxd5 Rxc1+ 27. Kg2 e6 28. Rb8+ Bf8 29. Nf6+ Kg7 30. Ne8+ Kg8 31. b4 Rc2 32. b5 Bc5 33. Nf6+ Kg7 34. Ne4 Bd4 35. Rb7 h6 36. Rd7 e5 37. h4 Rb2 38. g4 Rxb5 39. Nd6 Rd5 40. Rxf7+ Kg8 41. Rf6 Kg7 42. Ne8+ Kh7 43. Re6 Rd8 44. Re7+ Kg8 45. Nf6+ Kf8 46. Rh7 Rd6 47.
Ne4 Ra6 48. Rxh6 Kg7 49. g5 Ra2 50. h5 gxh5 51. Rxh5 Be3 52. Kf3 Bf4 53. Kg4 Re2 54.
Kf5 Ra2 55. Rh3 Ra7 56. Rb3 Rf7+ 57. Kg4 Bc1 58. Rf3 Rxf3 59. Kxf3 Kg6 60. Kg4 Bf4 61. Nc5 Bxg5 62. Nd3 Bf6 63. f4 exf4 64. Nxf4+ 1/2-1/2

[Event "*** SCC Grand Prix: Titled Tuesday Blitz"]
[Site "Chess.com"]
[Date "2020.06.02"]
[Round "4"]
[White "tvjosue"]
[Black "Mikhal867"]
[Result "1-0"]
[WhiteElo "2586"]
[BlackElo "2286"]
[TimeControl "180+1"]
[EndTime "10:40:35 PDT"]
[Termination "tvjosue won on time"]

1. b3 e5 2. Bb2 Nc6 3. c4 Bc5 4. e3 Nf6 5. d4 exd4 6. exd4 Bb4+ 7. Nd2 d5 8. Nf3 O-O 9. Be2 Bf5 10. O-O h6 11. a3 Be7 12. Re1 Re8 13. Rc1 Qd7 14.
cxd5 Nxd5 15. Bb5 Bd6 16. Ne5 Bxe5 17. dxe5 Nf4 18. Ne4 Qxd1 19. Rcxd1 Rad8 20. Rxd8 Rxd8 21. Bxc6 bxc6 22. Nc5 Rd2 23. Bc1 Ne2+ 24. Kf1 Rc2 25. Be3 Nc3 26. Rc1 Nd5 27. Rxc2 Nxe3+ 28. fxe3 Bxc2 29. Ke2 Bf5 30. e4 Bg4+ 31. Ke3 Kf8 32. b4 Ke7 33. h3 Bc8 34. Kd4 f6 35. Nb3 Ba6 36. Nd2 Be2 37. Ke3 Bb5 38. exf6+ gxf6 39. Kd4 Kd6 40. h4 Be2 41. g3 Ke6 42. Nb3 Bd1 43. Nc5+ Kd6 44. Ke3 Bc2 45. Kf4 Ke7 46. g4 Kf7 47. Na6 Ke7 48. Nc5 Kd6 49. Kf5 Ke7 50.
Kg6 Bd1 51. Kxh6 Bxg4 52. Kg6 Bf3 53. h5 Kf8 54. h6 Kg8 55. Kxf6 Kh7 56. Kg5 Bg2 57. e5 Bd5 58. e6 Bc4 59. e7 Bf7 60.
Nd7 Be8 61. Nf6+ 1-0